 Dungeon Crawl Stone Soup version 0.29-a0-284-gf9362112df (webtiles) character file.

Game seed: 1820285151046245748

1415 spaghetti the Unseen (level 8, -2/52 HPs)
             Began as an Octopode Delver on Mar 22, 2022.
             Was an Initiate of Uskayaw.
             Succumbed to a killer bee's poison
             ... on level 6 of the Dungeon.
             The game lasted 00:11:11 (5469 turns).

spaghetti the Unseen (Octopode Delver)              Turns: 5469, Time: 00:11:11

Health: -2/52      AC:  3    Str: 11    XL:     8   Next: 71%
Magic:  8/8        EV: 13    Int: 13    God:    Uskayaw [......]
Gold:   199        SH:  0    Dex: 15    Spells: 7/7 levels left

rFire   . . .      SeeInvis .   g - +1 quick blade (vamp) {shortrare=g}
rCold   . . .      Faith    .   (no shield)
rNeg    . . .      Spirit   .   o - +2 hat
rPois   .          Reflect  .   (no amulet)
rElec   .          Harm     .   (no ring)
rCorr   .          Rampage  .   (no ring)
Will    .....                   (no ring)
Stlth   ++++++++..              (no ring)
HPRegen 0.17/turn               (no ring)
MPRegen 0.11/turn               (no ring)
                                (no ring)
                                (no ring)

@: lethally poisoned (-2 -> -23), studying Stealth
A: almost no armour, amphibious, 8 rings, camouflage 1, gelatinous body 1,
(nimble swimmer 1), tentacles
a: Renounce Religion


You were on level 6 of the Dungeon.
You worshipped Uskayaw.
Uskayaw was noncommittal.
You visited 2 branches of the dungeon, and saw 8 of its levels.

You collected 199 gold pieces.


Innate Abilities, Weirdness & Mutations

You cannot wear most types of armour.
You are amphibious.
You can wear up to eight rings at the same time.
Your skin changes colour to match your surroundings (Stealth+).
Your rubbery body absorbs attacks. (AC +1, EV +1)
((You are camouflaged when in or above water. (Stealth+)))
You have tentacles for arms and can constrict up to eight enemies at once.


   Skills:
 - Level 3.0 Fighting
 + Level 4.2 Short Blades
 - Level 2.0 Dodging
 * Level 17.0 Stealth


You had 7 spell levels left.
You didn't know any spells.
Your spell library contained the following spells:

 Spells                   Type           Power      Damage    Failure   Level
 Summon Small Mammal      Summ           0%         N/A       30%         1
 Call Canine Familiar     Summ           0%         N/A       67%         3
 Inner Flame              Hex/Fire       0%         N/A       67%         3
 Summon Guardian Golem    Hex/Summ       0%         N/A       67%         3
 Cause Fear               Hex            0%         N/A       97%         4
 Olgreb's Toxic Radiance  Pois           0%         N/A       97%         4
 Orb of Destruction       Conj           0%         9d5       100%        7
 Ozocubu's Refrigeration  Ice            0%         4d5       100%        7
 Spellforged Servitor     Conj/Summ      0%         N/A       100%        7
 Discord                  Hex            0%         N/A       100%        8
 Ignition                 Fire           0%         3d3       100%        8

Inventory:

Hand Weapons
 g - a +1 vampiric quick blade (weapon) {shortrare=g}
   (You found it on level 5 of the Dungeon)
 z - the +6 dagger "Mesaopank" {vorpal, +Blink rElec rPois Int+3, short}
   (You found it on level 5 of the Dungeon)

   It inflicts extra damage upon your enemies.
   Int:       It affects your intelligence (+3).
   rElec:     It insulates you from electricity.
   rPois:     It protects you from poison.
   +Blink:    It lets you blink.
Missiles
 h - 119 stones (quivered) {throwing}
 u - 4 silver javelins {throwing}
 v - a poisoned dart {throwing}
 w - 6 curare-tipped darts {=fthrowing}
Armour
 o - a +2 hat (worn)
   (You found it on level 1 of the Dungeon)
Magical Staves
 m - a staff of poison {!astaff}
   (You found it on level 3 of the Dungeon)
 B - a staff of conjuration {!a@e2staff}
   (You found it on level 6 of the Dungeon)
Wands
 f - a wand of digging (3)
Scrolls
 a - a scroll of immolation {!r!r}
 b - 2 scrolls of fog
 c - 5 scrolls of magic mapping {!r}
 j - 3 scrolls of teleportation {@r4}
 s - a scroll of blinking {!r}
Potions
 i - a potion of curing {@q1}
 l - a potion of attraction {!q}
 n - a potion of heal wounds {@q2}
 q - a potion of ambrosia {unknown}
 r - a potion of might
 t - a potion of mutation {unknown}
 x - a potion of magic {unknown}
 A - a potion of cancellation {unknown}

Dungeon Overview and Level Annotations

Branches:
Dungeon (7/15)             Temple (1/1) D:6

Altars:
Ashenzari
Cheibriados
Dithmenos
Elyvilon
Fedhas
Gozag
Kikubaaqudgha
Makhleb
Nemelex Xobeh
Okawaru
Qazlal
Ru
Trog
Uskayaw
Vehumet
Wu Jian
Xom
Yredelemnul
Zin
The Shining One

Shops:
D:4

[ .# #.# #.....##.....#....
.# #.# #.########...#####
.#######.## #.# #...#
.....))..### #.# #...#
...#############.########...#
...# ###..............#...#
#..# ##.#####K########...#
#..# #.# #y# #...# #..# #.#
#@# #...# ##.# #.# #y# #...#
#..#######.#####y# #...#####
..##..........#### #...#....
.######.......## #...##### ##
#.....#..# #...# .##
##..##.##.## #...# ..##
#...######.## ##...#
##.###...#.## ##.## #....#


You could see a kobold brigand and 3 killer bees.


Message History

You aren't carrying any pieces of jewellery.
Done exploring.
Done exploring.
Done exploring.
(D) Dungeon (T) Temple
Where to? (Enter - D:6, ? - help)
There is a stone staircase leading down here.
You climb downwards.
There is a stone staircase leading up here.
Okay, then.
Okay, then.
Things that are here:
a +0 robe; a +3 dagger {short} A killer bee comes into view. x2
Things that are here:
a stone {throwing}; 12 gold pieces
There are monsters nearby!
There are monsters nearby!
There are monsters nearby!
There are monsters nearby!
There is a stone staircase leading up here.
You climb upwards.
There is a stone staircase leading down here.
There is a stone staircase leading down here.
You climb downwards.
There is a stone staircase leading up here.
You climb upwards.
There is a stone staircase leading down here.
There is a stone staircase leading down here.
You climb downwards.
There is a stone staircase leading up here.
You climb upwards.
There is a stone staircase leading down here.
No target in view!
No target in view!
No target in view!
You climb downwards.
The steam dragon hisses angrily.
The kobold brigand shouts!
The kobold shouts!
The kobold hits you with a +0 short sword.
The killer bee buzzes angrily. x2; You hear an angry buzzing noise. x3
There is a stone staircase leading up here.
The kobold hits you with a +0 short sword.
You climb upwards.
There is a stone staircase leading down here. 😕 HP[-6]
You take 6 damage, and now have 46/52 hp.
You completely miss the kobold. Your grab misses the kobold.
Your squeeze misses the kobold. The kobold hits you but does no damage.
You barely miss the kobold. You grab the kobold.
You constrict the kobold, but do no damage. 😕 HP[+1]
You hit the kobold but do no damage.
You constrict the kobold, but do no damage.
The kobold hits you with a +0 short sword. 😕 HP[-4]
You take 4 damage, and now have 43/52 hp.
You hit the kobold but do no damage. Your squeeze misses the kobold.
You constrict the kobold, but do no damage.
You hit the kobold. You constrict the kobold.
The kobold hits you but does no damage.
You hit the kobold.
You kill the kobold!
No target in view!
No target in view!
No target in view!
No target in view!
No target in view!
You climb downwards.
The killer bee buzzes angrily.
The killer bee closely misses you. The killer bee misses you.
The killer bee barely misses you. The killer bee stings you.
You are poisoned.
The killer bee poisons you!
The kobold brigand hits you with a +0 short sword.
The steam dragon breathes steam at you. The ball of steam misses you.
The killer bee stings you.
You are more poisoned.
The killer bee poisons you! The killer bee misses you.
The killer bee barely misses you.
The kobold brigand hits you with a +0 short sword.
* * * LOW HITPOINT WARNING * * *
There is a stone staircase leading up, spattered with blood here. 😨 HP[-19]
You take 19 damage, and now have 24/52 hp.
MASSIVE DAMAGE!! (PAUSE)
You are engulfed in a cloud of scalding steam.
* * * LOW HITPOINT WARNING * * *
x2 You feel very sick.
The killer bee misses you. The killer bee stings you.
* * * LOW HITPOINT WARNING * * *
You are more poisoned.
The killer bee poisons you! The killer bee barely misses you. x2
The killer bee closely misses you.
The killer bee is engulfed in a cloud of scalding steam.
The killer bee stings you but does no damage.
The killer bee closely misses you.
The kobold brigand hits you with a +0 short sword.
* * * LOW HITPOINT WARNING * * *
You climb upwards.
You die...

Skill      XL: |  1  2  3  4  5  6  7  8 |
---------------+-------------------------+-----
Stealth        | 9 10 11 15 17 | 17.0
Short Blades   | 4 |  4.2
Fighting       | |  3.0
Dodging        | |  2.0

Action                   |  1- 3 |  4- 6 |  7- 9 || total
-------------------------+-------+-------+-------++-------
Melee: Short sword       |     4 |    86 |       ||    90
       Tentacles         |     1 |    14 |    27 ||    42
       Constrict         |       |    16 |    21 ||    37
       Punch             |       |     1 |     1 ||     2
       Dagger            |       |       |    36 ||    36
       Quick blade       |       |       |    80 ||    80
Throw: Stone             |       |     7 |    10 ||    17
       Dart              |       |     7 |     5 ||    12
  Use: Scroll            |       |     3 |    14 ||    17
       Potion            |       |       |     8 ||     8
 Stab: Sleeping          |     2 |    21 |     5 ||    28
       Distracted        |       |       |     1 ||     1
Armor: Skin              |       |    18 |    14 ||    32
Dodge: Dodged            |     1 |    38 |    58 ||    97

Levels and vault maps discovered:
D:1:      dpeg_arrival_rooms_a, layout_basic
D:2:      layout_rooms, hellmonk_ecumenical_altar_watching_god
D:3:      layout_rooms
D:4:      layout_loops_ring, serial_shops, shop_statue, corexii_checkpoint_b,
          minmay_ruptured
D:5:      layout_loops_cross
D:6:      layout_layer_cave, xom_redecorated, minmay_temple_entry_slanted,
          serial_co_window_serial, co_window_paths_a, co_window_paths_a,
          co_window_corner_a, co_window_corner_a, co_window_of_opportunity_a,
          co_window_paths_b, co_window_paths_c, co_window_of_opportunity_c,
          co_window_2corner, co_window_broadway_c, co_window_cross_2,
          uniq_edmund
D:7:      layout_basic, nicolae_overflow_hidden_temple, serial_shops,
          shop_statue, uniq_duvessa
Temple:   mainiacjoe_temple_bowtie_tessellation

Notes
Turn   | Place    | Note
-------+----------+-------------------------------------------
     0 | D:5      | spaghetti the Octopode Delver began the quest for the Orb.
     0 | D:5      | Reached XP level 1. HP: 16/16 MP: 1/1
     0 | D:5      | magus.rc [v1.9.6]
    44 | D:5      | Noticed a sky beast
    59 | D:5      | Killed a sky beast
    60 | D:5      | Reached skill level 9 in Stealth
    60 | D:5      | Reached XP level 2. HP: 11/21 MP: 2/2
    60 | D:5      | Reached XP level 3. HP: 14/26 MP: 3/3
    60 | D:5      | Reached XP level 4. HP: 17/31 MP: 4/4
   236 | D:6      | Noticed a cyclops
   288 | D:5      | Reached XP level 5. HP: 36/36 MP: 5/5
   322 | D:4      | Noticed a phantom
   322 | D:4      | Found Ruropev's Antique Armour Emporium.
   325 | D:4      | Killed a phantom
   326 | D:4      | Reached skill level 10 in Stealth
  1076 | D:1      | You pick up a book of Dangerous Friends and begin
                  | reading...
  1076 | D:1      | You add the spells Summon Guardian Golem, Orb of
                  | Destruction and Spellforged Servitor to your library.
  1216 | D:1      | Reached XP level 6. HP: 42/42 MP: 6/6
  1449 | D:1      | You pick up a book of Hexes and begin reading...
  1449 | D:1      | You add the spells Inner Flame, Cause Fear and Discord to
                  | your library.
  1852 | D:2      | Found a faded altar of an unknown god.
  1852 | D:2      | Noticed a golden eye
  1855 | D:2      | Noticed an eye of devastation
  1856 | D:2      | Noticed a floating eye
  1856 | D:2      | Noticed a golden eye
  2253 | D:4      | Reached skill level 11 in Stealth
  2500 | D:4      | You pick up a book of Callings and begin reading...
  2500 | D:4      | You add the spells Summon Small Mammal and Call Canine
                  | Familiar to your library.
  2620 | D:5      | Reached XP level 7. HP: 25/46 MP: 7/7
  2630 | D:5      | Identified the +6 dagger "Mesaopank" {vorpal, +Blink rElec
                  | rPois Int+3}
  2701 | D:5      | Reached skill level 12 in Stealth
  3062 | D:5      | Identified a scroll of acquirement
  3062 | D:5      | Acquired a manual of Stealth
  3225 | D:5      | g - a +0 quick blade {shortrare=g}
  3463 | D:7      | Noticed Dowan
  3483 | D:6      | your +0 quick blade {shortrare=g} projects an invisible
                  | shield of force!
  3483 | D:6      | g - a +0 quick blade of protection {shortrare=g}
  3484 | D:6      | your +0 quick blade of protection {shortrare=g} is covered
                  | with a thin layer of ice!
  3484 | D:6      | g - a +0 quick blade of freezing {shortrare=g}
  3485 | D:6      | your +0 quick blade of freezing {shortrare=g} thirsts for
                  | the lives of mortals!
  3485 | D:6      | g - a +0 vampiric quick blade {shortrare=g}
  3486 | D:6      | your +0 vampiric quick blade {shortrare=g} glows red for a
                  | moment.
  3490 | D:6      | Noticed Edmund
  3496 | D:6      | Killed Edmund
  3497 | D:6      | Reached skill level 13 in Stealth
  3509 | D:6      | You add the spells Olgreb's Toxic Radiance, Ozocubu's
                  | Refrigeration and Ignition to your library.
  3623 | D:6      | Found a staircase to the Ecumenical Temple.
  3634 | D:6      | Found a shimmering altar of Xom.
  3656 | D:6      | Found a shimmering altar of Xom.
  3656 | D:6      | Found a shimmering altar of Xom.
  3664 | D:6      | Found a shimmering altar of Xom.
  3753 | D:7      | Noticed Duvessa
  3759 | D:7      | Noticed a steam dragon
  3764 | D:7      | HP: 6/46 [something] (9)]
  4126 | D:6      | g - a +1 vampiric quick blade (weapon) {shortrare=g}
  4135 | D:6      | HP: 2/46 [orc warrior/+0 short sword (12)]
  4141 | D:6      | Reached skill level 14 in Stealth
  4663 | D:6      | Reached skill level 15 in Stealth
  4663 | D:6      | Reached XP level 8. HP: 52/52 MP: 8/8
  4775 | D:6      | Killed a cyclops
  4776 | D:6      | Reached skill level 3 in Short Blades
  4776 | D:6      | Reached skill level 16 in Stealth
  5036 | D:7      | Killed Dowan
  5037 | D:7      | Reached skill level 4 in Short Blades
  5038 | D:7      | Killed Duvessa
  5039 | D:7      | Reached skill level 17 in Stealth
  5056 | Temple   | Entered the Ecumenical Temple
  5357 | Temple   | Became a worshipper of Uskayaw the Reveller
  5468 | D:7      | HP: 13/52 [poisoned by a killer bee]
  5468 | D:7      | HP: 5/52 [kobold brigand/+0 short sword (4)]
  5469 | D:6      | Succumbed to a killer bee's poison

Vanquished Creatures
  A cyclops (D:6)
  Edmund (D:6)
  Duvessa (D:7)
  An orc warrior (D:6)
  An ice beast (D:6)
  A sky beast (D:5)
  An ogre (D:4)
  2 phantoms (D:4)
  Dowan (D:7)
  4 hounds
  An iguana (D:5)
  3 gnolls (D:5)
  3 adders
  A shadow imp (D:6)
  4 dart slugs (D:1)
  15 orcs
  5 ball pythons
  2 bats
  3 endoplasms
  A giant cockroach (D:4)
  5 goblins (D:1)
  5 hobgoblins
  A jackal (D:3)
  13 kobolds
  5 rats
81 creatures vanquished.

Table legend:
 A = Non-vault XP
 B = Vault XP
 C = Vault XP percentage of total XP
 D = Non-vault monster count
 E = Vault monster count
 F = Vault count percentage of total count
                 A         B        C        D         E       F
            +---------+---------+-------+---------+---------+-------
      Total |    1644 |     378 |  18.7 |      78 |       3 |   3.7
            +---------+---------+-------+---------+---------+-------
        D:1 |      43 |       0 |   0.0 |      20 |       0 |   0.0
        D:2 |      24 |       0 |   0.0 |       9 |       0 |   0.0
        D:3 |      23 |       0 |   0.0 |       6 |       0 |   0.0
        D:4 |     352 |       0 |   0.0 |       9 |       0 |   0.0
        D:5 |     320 |       0 |   0.0 |      15 |       0 |   0.0
        D:6 |     873 |     164 |  15.8 |      13 |       1 |   7.1
        D:7 |       9 |     214 |  96.0 |       6 |       2 |  25.0
            +---------+---------+-------+---------+---------+-------

Illustrated notes

Table legend:
 A = Kills in this place as a percentage of kills in entire the game.
 B = Kills by you in this place as a percentage of kills by you in the entire game.
 C = Kills by friends in this place as a percentage of kills by friends in the entire game.
 D = Other kills in this place as a percentage of other kills in the entire game.
 E = Experience gained in this place as a percentage of experience gained in the entire game.
 F = Experience gained in this place divided by the number of levels of this place that you have seen.
                   A       B       C       D       E      F
               +-------+-------+-------+-------+-------+----------------------
         Total | 100.0 | 100.0 |   N/A |   N/A | 100.0 | 252.8
       Dungeon | 100.0 | 100.0 |   N/A |   N/A | 100.0 | 288.9
               +-------+-------+-------+-------+-------+----------------------

Table legend: (Time is in decaauts)
 A = Elapsed time spent in this place.
 B = Non-inter-level travel time spent in this place.
 C = Inter-level travel time spent in this place.
 D = Time resting spent in this place.
 E = Time spent auto-exploring this place.
 F = Levels seen in this place.
 G = Mean time per level.
                   A        B        C        D        E       F      G
               +--------+--------+--------+--------+--------+-----+--------+
         Total |   5423 |   5093 |    330 |    991 |   3211 |   8 |  677.9 |
       Dungeon |   5097 |   4812 |    285 |    991 |   2941 |   7 |  728.1 |
        Temple |    326 |    281 |     45 |      0 |    270 |   1 |  326.0 |
               +--------+--------+--------+--------+--------+-----+--------+

Top non-repeatable levels by time:
     D:6: 1725 daAuts
     D:1: 998 daAuts
     D:5: 997 daAuts
     D:3: 691 daAuts
     D:4: 404 daAuts
  Temple: 326 daAuts
     D:2: 202 daAuts
     D:7: 76 daAuts
